 Dungeon Crawl Stone Soup version 0.30.0-11-gf55b779eaf (webtiles) character file.

Game seed: 15964301823163454491

1094 sampeng1 the Trooper (level 8, -11/63 HPs)
             Began as a Human Berserker on May 16, 2023.
             Was a Priest of Trog.
             Killed from afar by an electric eel (13 damage)
             ... with a bolt of electricity
             ... on level 5 of the Dungeon.
             The game lasted 00:14:24 (4297 turns).

sampeng1 the Trooper (Human Berserker)              Turns: 4297, Time: 00:14:25

Health: -11/63     AC:  8    Str: 23    XL:     8   Next: 57%
Magic:  8/8        EV: 12    Int:  7    God:    Trog [***...]
Gold:   317        SH:  0    Dex: 13    Spells: 7/7 levels left

rFire   + . .        c - +0 broad axe
rCold   x . .        (no shield)
rNeg    . . .        k - +0 scale mail
rPois   +            (no helmet)
rElec   .            (no cloak)
rCorr   .            (no gloves)
SInv    .            j - +0 pair of boots of Decompression {rPois rC- Str+3}
Will    .....        n - amulet of regeneration Stlth
                     h - ring of protection from fire
HPRegen 1.10/turn    (no ring)
MPRegen 0.11/turn

%: no passive effects
@: no status effects
A: no striking features
a: Renounce Religion, Berserk, Trog's Hand


You were on level 5 of the Dungeon.
You worshipped Trog.
Trog was most pleased with you.
You visited 1 branch of the dungeon, and saw 5 of its levels.

You collected 317 gold pieces.

Inventory:

Hand Weapons
 c - a +0 broad axe (weapon)
 f - the +4 mace of the Chickpea {drain, *Noise rCorr Str+2 Int+3}
   (You found it on level 2 of the Dungeon)

   Str:       It affects your strength (+2).
   Int:       It affects your intelligence (+3).
   *Noise:    It may make noises in combat.
   rCorr:     It protects you from acid and corrosion.
Missiles
 i - 2 throwing nets
 m - 6 boomerangs (quivered)
 q - 3 poisoned darts
 r - 5 atropa-tipped darts
Armour
 j - the +0 pair of boots of Decompression (worn) {rPois rC- Str+3}
   (You found it on level 4 of the Dungeon)

   Str:       It affects your strength (+3).
   rC:        It makes you vulnerable to cold.
   rPois:     It protects you from poison.
 k - a +0 scale mail (worn)
 u - an orb of guile
Jewellery
 g - a +4 ring of protection
 h - a ring of protection from fire (left hand)
 n - an amulet of regeneration (around neck)
Scrolls
 b - 2 scrolls of teleportation
 e - a scroll of identify
Potions
 a - 2 potions of magic {unknown}
 d - 2 potions of degeneration
 o - a potion of lignification
 p - 6 potions of curing
 s - a potion of brilliance


   Skills:
 + Level 5.5 Fighting
 + Level 4.2(4.8) Axes
 - Level 3.2(4.3) Maces & Flails
 + Level 5.1 Armour
 + Level 5.1 Dodging


You had 7 spell levels left.
You didn't know any spells.
Your spell library was empty.

Dungeon Overview and Level Annotations

Branches:
Dungeon (5/15)             Temple (0/1) D:5

Altars:

Annotations:
D:1 2 transporters


Message History

Things that are here:
a +2 heavy spear; a +0 scale mail; a gnoll corpse You enter the shallow water.
Moving in this stuff is going to be slow.
Things that are here:
a +2 heavy spear; a +0 scale mail; a gnoll corpse You enter the shallow water.
Moving in this stuff is going to be slow.
Things that are here:
a +2 heavy spear; a +0 scale mail; a gnoll corpse
k - a +0 scale mail You start removing your armour.
You continue taking off your +1 ring mail. x4
You finish taking off your +1 ring mail.
You start putting on your armour.
You continue putting on your +0 scale mail. x5
You finish putting on your +0 scale mail.
You drop a +1 ring mail.
You hear a splash.
The electric eel shoots out a bolt of lightning at you!
The bolt of electricity hits you.
The electric eel shoots out a bolt of lightning at you!
The bolt of electricity misses you. The bolt of electricity hits you!
There is an open door here.
The electric eel shoots out a bolt of lightning at you!
The bolt of electricity hits you.
The electric eel shoots out a bolt of lightning at you!
The bolt of electricity misses you. The bolt of electricity hits you!
The electric eel shoots out a bolt of lightning at you!
The bolt of electricity hits you! x2
* * * LOW HITPOINT WARNING * * *
The electric eel shoots out a bolt of lightning at you!
The bolt of electricity hits the electric eel.
The electric eel completely resists.
The bolt of electricity hits you.
* * * LOW HITPOINT WARNING * * *
The electric eel shoots out a bolt of lightning at you!
The bolt of electricity hits you.
* * * LOW HITPOINT WARNING * * *
The bolt of electricity hits you!
You die...

.###.#.###~#...~~~≈S#.# ##..<....
.#...### #~#....P..S#.#.##.......
......####.#'.....≈S#†#..........
#..#....##..# .~:.≈##~###......).
..###....##.##########~####......
..#####...#~~##..~~.≈##~# #......
.###......##~#...P./S≈#.###......
..#........#[#.....~.≈#.#........
..#........#.#'.@S~)≈≈#.#........
...........#..#..S.[≈##'#........
...........##.########...........
............###..................
..#........................#....:
.###....##..#...##.........##....
........#####...####.......##...#
.)))..#.#####..............)...##
......#.......#................#


You could see 3 electric eels.

Vanquished Creatures
  2 ice beasts (D:5)
  2 black bears
  An ogre (D:5)
  A gnoll sergeant (D:5)
  A jelly (D:4)
  A gnoll bouda (D:5)
  5 hounds
  An iguana (D:4)
  2 orc wizards (D:4)
  6 adders
  13 gnolls
  An ufetubus (D:3)
  2 worms
  6 dart slugs
  15 orcs
  5 ball pythons
  6 endoplasms
  6 giant cockroaches
  7 goblins
  4 hobgoblins
  9 jackals
  4 quokkas
  5 bats
  4 frilled lizards
  7 kobolds
  A rat (D:3)
117 creatures vanquished.

Notes
Turn   | Place    | Note
-------+----------+-------------------------------------------
     0 | D:1      | sampeng1 the Human Berserker began the quest for the Orb.
     0 | D:1      | Reached XP level 1. HP: 18/18 MP: 1/1
   109 | D:1      | Reached XP level 2. HP: 24/24 MP: 2/2
   353 | D:1      | Reached XP level 3. HP: 29/29 MP: 3/3
   777 | D:2      | Reached ** piety under Trog
   798 | D:2      | Identified the +4 mace of the Chickpea {drain, *Noise rCorr
                  | Str+2 Int+3}
   981 | D:2      | You fall into a shaft and drop 2 floors!
  1058 | D:4      | Reached XP level 4. HP: 35/35 MP: 4/4
  1171 | D:4      | Identified the +0 pair of boots of Decompression {rPois rC-
                  | Str+3}
  1367 | D:4      | Reached skill level 1 in Maces & Flails
  1367 | D:4      | Reached XP level 5. HP: 39/42 MP: 5/5
  1617 | D:4      | Reached XP level 6. HP: 44/48 MP: 6/6
  2163 | D:4      | Noticed a black bear
  2172 | D:4      | Killed a black bear
  2573 | D:3      | Reached XP level 7. HP: 47/55 MP: 7/7
  2609 | D:3      | Reached *** piety under Trog
  3859 | D:5      | Entered Level 5 of the Dungeon
  4001 | D:5      | Reached skill level 5 in Fighting
  4001 | D:5      | Reached XP level 8. HP: 12/62 MP: 8/8
  4059 | D:5      | Found a staircase to the Ecumenical Temple.
  4227 | D:5      | Reached skill level 5 in Armour
  4227 | D:5      | Reached skill level 5 in Dodging
  4297 | D:5      | HP: 2/63 [electric eel/bolt of electricity (4)]
  4297 | D:5      | Killed from afar by an electric eel

Illustrated notes

Levels and vault maps discovered:
D:1:      spicycebolla_arrival_transporter_tutorial, layout_loops_ring
D:2:      layout_basic, shapermc_ecumenical_altar_hornbeckon
D:3:      layout_rooms, nicolae_concentric_dashed_squares_wild,
          minmay_increasing_density
D:4:      layout_layer_cave
D:5:      cheibrodos_two_vegetables, layout_cave_pools,
          minmay_temple_entry_gardened_gates

Skill      XL: |  1  2  3  4  5  6  7  8 |
---------------+-------------------------+-----
Maces & Flails | 1 2 3 |  3.2
Armour         | 3 4 5 |  5.1
Dodging        | 3 4 5 |  5.1
Fighting       | 4 5 |  5.5
Axes           | 4 |  4.2

Action                     |  1- 3 |  4- 6 |  7- 9 || total
---------------------------+-------+-------+-------++-------
  Melee: Hand axe          |   109 |       |       ||   109
         Punch             |     1 |     1 |     2 ||     4
         Mace              |    14 |    94 |    89 ||   197
         Broad axe         |       |       |    64 ||    64
  Throw: Boomerang         |       |     1 |     4 ||     5
    Use: Scroll            |       |       |    14 ||    14
 Armour: Animal skin       |    29 |       |       ||    29
         Ring mail         |       |    51 |    67 ||   118
         Leather armour    |       |     1 |       ||     1
  Dodge: Dodged            |    96 |    92 |   142 ||   330
